 Dungeon Crawl Stone Soup version 0.17-a0-31-g3f54bfd (webtiles) character file.

280 rgaf the Digger (level 6, -7/32 HPs)
             Began as a Gargoyle Earth Elementalist on Mar 7, 2015.
             Killed from afar by an orc wizard (11 damage)
             ... with a puff of flame
             ... on level 3 of the Dungeon.
             The game lasted 00:07:30 (2934 turns).

rgaf the Digger (Gargoyle Earth Elementalist)       Turns: 2934, Time: 00:07:30

Health: -7/32      AC:  6    Str: 12    XL:     6   Next: 27%
Magic:  3/13       EV: 14    Int: 17    God:
Gold:   137        SH:  0    Dex: 10    Spells: 3 memorised, 4 levels left

rFire  . . .     SeeInvis .     e - +0 spear
rCold  . . .     Clarity  .     c - +0 robe
rNeg   + . .     SustAb   .     (no shield)
rPois  ∞         Gourm    .     (no helmet)
rElec  +         Spirit   .     (no cloak)
rCorr  .         Warding  .     (no gloves)
rMut   .         Stasis   .     (no boots)
MR     .....                    (no amulet)
Stlth  +.........               (no ring)
                                (no ring)

@: confused, not resistant to hostile enchantments, very unstealthy
A: hooves 1, repulsion field 1, negative energy resistance 1, electricity
resistance, wild magic 1, unbreathing, petrification resistance, rot immunity,
AC +4
a: no special abilities


You were on level 3 of the Dungeon.
You were hungry.

You visited 1 branch of the dungeon, and saw 4 of its levels.

You collected 137 gold pieces.

Inventory:

Hand weapons
 e - a +0 spear (weapon)
 u - a +0 dagger of venom
Missiles
 b - 109 stones (quivered)
Armour
 c - a +0 robe (worn)
Jewellery
 r - an uncursed ring of protection from fire {unknown}
Magical devices
 i - a wand of enslavement (0)
Scrolls
 f - a scroll of fog {unknown}
 g - 2 scrolls of enchant weapon {unknown}
 h - 2 scrolls of remove curse {unknown}
 m - a scroll of fear {unknown}
 o - a scroll of random uselessness {unknown}
 p - 3 scrolls of identify {unknown}
 q - a scroll of immolation {unknown}
 t - a scroll of amnesia {unknown}
 v - a scroll of teleportation {unknown}
 w - a scroll of enchant armour {unknown}
Books
 d - a book of Geomancy

   Spells                             Type                      Level
   a - Sandblast                      Earth                        1
   b - Stoneskin                      Transmutation/Earth          2
   c - Passwall                       Transmutation/Earth          3
   d - Stone Arrow                    Conjuration/Earth            3
   e - Petrify                        Transmutation/Earth          4
   f - Lee's Rapid Deconstruction     Earth                        5
Comestibles
 a - 4 bread rations
 j - 2 meat rations
 k - a slice of pizza
 n - a beef jerky


   Skills:
 - Level 1.5 Dodging
 - Level 2.1 Stealth
 + Level 3.6 Spellcasting
 - Level 0.7 Transmutations
 * Level 7.0 Earth Magic


You had 4 spell levels left.
You knew the following spells:

 Your Spells              Type           Power        Failure   Level  Hunger
a - Sandblast             Erth           #####.       3%          1    None
b - Stone Arrow           Conj/Erth      ###...       26%         3    ###....
c - Petrify               Trmt/Erth      ###.....     54%         4    ####...


Dungeon Overview and Level Annotations

Branches:
Dungeon (4/15)
 Temple: D:4-7

Altars:
Cheibriados
Trog
Zin


Innate Abilities, Weirdness & Mutations

You are resistant to torment.
You are immune to poison.
Your stone body is very resilient (AC +4).
You resist negative energy.
You are resistant to electric shocks.
You can survive without breathing.
You are immune to petrification.
You are immune to rotting.
You have large cloven feet.
You are surrounded by a mild repulsion field (EV +2).
Your spells are a little harder to cast, but a little more powerful.


Message History

Something hits you but does no damage.
There is a stone staircase leading up here.
Something hits you but does no damage.
You climb upwards.
There is a stone staircase leading down here.
You start resting.
Something hits you.
* * * LOW HITPOINT WARNING * * *
You miss something. Something barely misses you.
You hit something but do no damage.
You hear some strange, mumbled words.
Something tries to affect you, but you resist.
You barely miss something.
You hear some strange, mumbled words.
You are confused.
You barely miss something. You kick something. Something hits you.
* * * LOW HITPOINT WARNING * * *
Something hits you but does no damage.
You hear some strange, mumbled words.
The puff of flame hits you!
You die...

...............###.###.......#...
....########............####.##..
.................)......# #.#...
...#########..#....#########.#...
...+..............#........[.....
...########.##.............#.#...
...............{.##.######.#...#.
#########.#.####.#..# #.#..##.
....#####.#(....@...# #.#...#.
###....#..#......#..######.#.....
####.#..#..<...#.......#.#...#.
#.#..#....#.##.#......#...#.
#.#..#......#.........#.....
#.#..#..########....#.#..###
#.#..#......................
#....#.##############.######
###.##.# #...)...


There were no monsters in sight!

Vanquished Creatures
  A scorpion (D:4)
  2 orc wizards (D:3)
  Ijyb (D:2)
  4 adders
  4 worms (D:3)
  An adder skeleton (D:3)
  An ooze (D:2)
  4 orcs
  4 giant cockroaches
  6 hobgoblins
  2 quokkas
  3 ball pythons
  19 bats
  2 giant geckos (D:3)
  2 giant newts (D:1)
  10 goblins
  4 jackals (D:2)
  11 kobolds
  10 rats
91 creatures vanquished.

Notes
Turn   | Place    | Note
--------------------------------------------------------------
     0 | D:1      | rgaf, the Gargoyle Earth Elementalist, began the quest for the Orb.
     0 | D:1      | Reached XP level 1. HP: 10/10 MP: 3/3
    78 | D:1      | Reached skill level 4 in Earth Magic
    81 | D:1      | Reached XP level 2. HP: 15/15 MP: 0/4
   630 | D:1      | Reached XP level 3. HP: 19/19 MP: 6/6
   946 | D:2      | Noticed Ijyb
  1014 | D:2      | Killed Ijyb
  1014 | D:2      | Reached skill level 5 in Earth Magic
  1098 | D:2      | Reached XP level 4. HP: 18/24 MP: 8/8
  1366 | D:2      | Found a glowing silver altar of Zin.
  1696 | D:3      | Learned a level 3 spell: Stone Arrow
  1701 | D:3      | Learned a level 4 spell: Petrify
  1726 | D:3      | Reached XP level 5. HP: 24/28 MP: 0/11
  1823 | D:3      | Found a snail-covered altar of Cheibriados.
  1894 | D:3      | Found a bloodstained altar of Trog.
  2076 | D:3      | Reached skill level 6 in Earth Magic
  2899 | D:4      | Reached XP level 6. HP: 32/32 MP: 13/13
  2922 | D:4      | Reached skill level 7 in Earth Magic
  2923 | D:4      | Gained mutation: Your spells are a little harder to cast, but a little more powerful. [potion of mutation]
  2923 | D:4      | Gained mutation: You have large cloven feet. [potion of mutation]
  2923 | D:4      | Gained mutation: You are surrounded by a mild repulsion field (EV +2). [potion of mutation]
  2934 | D:3      | Killed from afar by an orc wizard

Action                   |  1- 3 |  4- 6 || total
-------------------------+-------+-------++-------
Melee: Spear             |    56 |   148 ||   204
 Cast: Sandblast         |    39 |    43 ||    82
       Stone Arrow       |       |     6 ||     6
  Use: Potion            |     3 |     2 ||     5
 Stab: Sleeping          |     4 |     4 ||     8
  Eat: Chunk             |     1 |     6 ||     7
